AoeStats
← Tokfrans

Arena

509684879Analyzed
2v2 RM · 4d ago on Sep 27, 2026· 41m 52s· 4 players
Game mode
Random Map
Map size
Medium (4 player)
Population
200
Speed
Normal
Resources
Standard
Victory
Conquest
Starting age
Dark Age
Ending age
Imperial Age
RankedLock teamsTeams togetherTeam positionsShared explorationLock speedFull tech treeHidden civsTurbo modeCheats
Victory
Defeat
🇪🇸 Bohemians · Spain
1078
+15
🇸🇪 Aztecs · Sweden
1028
+17
🇦🇷 Khmer · Argentina
1059
-16
🇦🇷 Poles · Argentina
1059
-16
Tokfrans
10:59 Feudal Age
15:21 Castle Age
13:31 Double-Bit Axe
15:26 Horse Collar
19:32 Fervor
20:26 Bow Saw
21:26 Wheelbarrow
21:06 Forging
21:22 Sanctity
22:24 Arson
22:00 Eagle Warrior
25:16 Redemption
33:54 Imperial Age
31:40 Hand Cart
31:11 Town Watch
37:45 Block Printing
37:31 Atonement
37:56 Illumination
40:27 Elite Eagle Warrior
Lliret
11:38 Feudal Age
15:24 Castle Age
16:21 Double-Bit Axe
18:15 Wheelbarrow
19:45 Chemistry
21:07 Man-at-Arms
27:05 Hand Cart
29:53 Imperial Age
29:59 Imperial Age
34:47 Houfnice
養成計畫
11:37 Feudal Age
14:52 Castle Age
12:47 Double-Bit Axe
12:49 Horse Collar
16:01 Loom
18:06 Bow Saw
20:05 Heavy Plow
23:22 Stone Mining
25:27 Stone Shaft Mining
24:45 Gold Mining
30:01 Imperial Age
28:09 Wheelbarrow
32:21 Conscription
38:16 Husbandry
39:13 Scale Barding Armor
39:20 Forging
Lannister
10:10 Feudal Age
15:08 Castle Age
13:58 Double-Bit Axe
17:29 Bow Saw
21:49 Horse Collar
22:31 Loom
24:22 Wheelbarrow
25:03 Scale Mail Armor
25:14 Forging
25:46 Hand Cart
27:56 Heavy Plow
28:32 Chain Mail Armor
28:50 Gold Mining
31:55 Imperial Age
29:27 Stone Mining
31:16 Iron Casting
31:52 Stone Shaft Mining
31:38 Scale Barding Armor
31:56 Elite Obuch
32:58 Conscription
32:44 Squires
32:30 Arson
33:37 Crop Rotation
34:01 Chain Barding Armor
35:12 Blast Furnace
34:43 Plate Mail Armor
34:09 Light Cavalry
35:00 Bloodlines
34:51 Husbandry
35:19 Winged Hussar
Connection lost

Rejoining the realm…

Still unreachable

The connection could not be restored.

Session expired

The server has moved on; the page needs a fresh start.